Cogmind - Beta 14 @@@ ROGUE MODE // 2025.04.29 @ 20:37:11 Player: DGSTER Result: Self-destructed Performance ------------- Evolutions (1) 500 Regions Visited (2) 400 Robots Destroyed (25) 125 Value Destroyed (395) 395 Prototype IDs (2) 40 Alien Tech Used (0) 0 Bonus (8) 8 TOTAL SCORE: 1468 Bonus ------- High Alert Combat Kills 8 Cogmind --------- Core Integrity 367/400 Matter 112/300 Energy 81/125 System Corruption 0% Temperature Cool (0) Movement Walking (190) Ox1 Location -9/Materials Parts ------- > --- POWER (1) -------- Light Ion Engine > --- PROPULSION (2) --- Aluminum Leg Aluminum Leg > --- UTILITY (4) ------ Heat Sink Improved Heat Sink Large Storage Unit > --- WEAPON (2) ------- Small Laser Grenade Launcher > --- INVENTORY (15) --- Light Ion Engine Aluminum Leg Aluminum Leg Heat Sink Improved Heat Sink Improved Heat Sink Improved Heat Sink Medium Storage Unit Terrain Scanner Beam Cannon Beam Cannon Grenade Launcher Peak State ------------ > --- POWER ------------ Light Ion Engine > --- PROPULSION ------- Aluminum Leg Aluminum Leg > --- UTILITY ---------- Heat Sink Improved Heat Sink Large Storage Unit > --- WEAPON ----------- Small Laser Small Laser > --- INVENTORY -------- Light Ion Engine Light Ion Engine Aluminum Leg Heat Sink Improved Heat Sink Medium Storage Unit Terrain Scanner Grenade Launcher Grenade Launcher [Rating: 11] Favorites ----------- Power Light Ion Engine Engine Light Ion Engine Propulsion Aluminum Leg Treads Light Treads Leg Aluminum Leg Utility Heat Sink Device Heat Sink Storage Small Storage Unit Weapon Small Laser Energy Gun Small Laser Ballistic Gun Light Assault Rifle Launcher Grenade Launcher Build | -11 -10 -9 ------- Run | Yrd Mat Mat Slots Evolved 2 | . . 2 Power . | . . . Propulsion . | . . . Utility 2 | . . 2 Weapon . | . . . Parts Attached 23 | 6 7 10 Power 3 | 1 1 1 Engine 3 | 1 1 1 Core . | . . . Reactor . | . . . Propulsion 5 | 2 2 1 Treads 2 | 2 . . Leg 3 | . 2 1 Wheel . | . . . Hover . | . . . Flight . | . . . Utility 4 | 1 2 1 Device 2 | . 1 1 Storage 2 | 1 1 . Processor . | . . . Hackware . | . . . Protection . | . . . Artifact . | . . . Weapon 11 | 2 2 7 Energy Gun 7 | 2 1 4 Energy Cannon . | . . . Ballistic Gun 1 | . 1 . Ballistic Cannon . | . . . Launcher 3 | . . 3 Special Weapon . | . . . Impact Weapon . | . . . Slashing Weapon . | . . . Piercing Weapon . | . . . Special Melee Weapon . | . . . Unidentified Prototypes . | . . . Parts Lost 3 | . 2 1 Power 2 | . 1 1 Propulsion . | . . . Utility . | . . . Weapon 1 | . 1 . Highest Loss Streak 1 | . 1 1 To Critical Strikes . | . . . Average Slot Usage (%) 87 | . 90 82 Engine 9 | . 10 6 Treads 12 | . 18 . Leg 13 | . 9 22 Device 13 | . 9 20 Storage 12 | . 14 11 Energy Gun 22 | . 25 17 Ballistic Gun 1 | . 1 . Launcher 1 | . . 4 Peak Build Rating 11 | 6 7 11 Average Rating 7 | 4 6 10 On Entrance 4 | . 6 7 Naked Turns . | . . . Heaviest Build 29 | 11 26 29 Greatest Support 40 | 40 40 20 Greatest Overweight (x) 3 | 3 1 1 Average Overweight (x) . | . . 1 Largest Inventory Capacity 15 | 8 15 15 Average Capacity 10 | 7 8 15 Most Carried 14 | 1 8 14 Average Carried 6 | . 4 11 Final Capacity 15 | 8 15 15 Final Carried 12 | 1 8 12 Class Distribution -------------------- 100% | Mutant Dominant Class ---------------- Mutant | -10/Materials Mutant | -9/Materials Resources | -11 -10 -9 ----------- Run | Yrd Mat Mat Matter Collected 367 | 220 80 67 Remotely . | . . . Salvage Created 375 | . 194 181 Parts 42 | . 12 30 Haulers Intercepted . | . . . Recyclers Shooed . | . . . Parts Field Recycled . | . . . Retrieved Matter . | . . . Parts Self-Destructed . | . . . Prevented . | . . . Kills | -11 -10 -9 ------- Run | Yrd Mat Mat Combat Hostiles Destroyed 20 | . 7 13 Guns 9 | . 7 2 AOE 11 | . . 11 Classes Destroyed 5 | . 2 3 Builder 3 | . . 3 Tunneler 1 | . . 1 Operator 1 | . . 1 Swarmer 14 | . 3 11 Grunt 6 | . 4 2 Best Kill Streak 10 | . 3 10 Combat Bots Only 8 | . 3 8 Max Kills in Single Turn 3 | . 1 3 Gunslinging . | . . . Exploded 3 | . . 3 Melee . | . . . Uniques/NPCs Destroyed . | . . . Combat | -11 -10 -9 -------- Run | Yrd Mat Mat Hostile Shots Fired 121 | . 64 57 Missed 29 | . 14 15 Damage Taken 892 | . 517 375 Core 127 | . 94 33 Absorbed by Shields . | . . . Core Remaining (%) 81 | 100 62 . Volleys Fired 47 | . 25 22 Largest 2 | . 2 2 Hottest 80 | . 80 80 Shots Fired 77 | . 46 31 Gun 64 | . 46 18 Cannon . | . . . Launcher 13 | . . 13 Special . | . . . Kinetic 10 | . 10 . Thermal 50 | . 32 18 Explosive 13 | . . 13 Electromagnetic 4 | . 4 . Robot Hit Streak 15 | . 15 5 Robot Miss Streak 3 | . 3 2 Penetration Max . | . . . Secondary Targets 1 | . 1 . Max Gunslinging Chain 1 | . 1 . Shots Hit Robots 49 | . 33 16 Core Hits 37 | . 13 24 Critical Kills . | . . . Critical Parts Destroyed . | . . . Critical Strikes . | . . . Melee Attacks . | . . . Impact . | . . . Slashing . | . . . Piercing . | . . . Sneak Attacks . | . . . Combat Hostiles . | . . . Follow-up Attacks . | . . . Damage Inflicted 1279 | . 339 940 Guns 462 | . 337 125 Cannons . | . . . Explosions 815 | . . 815 Melee . | . . . Ramming 2 | . 2 . Kinetic 72 | . 72 . Thermal 378 | . 253 125 Explosive 815 | . . 815 Electromagnetic 12 | . 12 . Impact . | . . . Slashing . | . . . Piercing . | . . . Highest Corruption . | . . . Average Corruption . | . . . Corruption Purged . | . . . Corruption Blocked . | . . . Overload Shots . | . . . Overflow Damage 14 | . . 14 Projectiles . | . . . Explosions 14 | . . 14 Melee . | . . . Knockbacks . | . . . Impact . | . . . Kinetic . | . . . Secondary . | . . . Self-Inflicted Damage 12 | . . 12 Shots 1 | . . 1 Rammed 1 | . 1 . Targets Rammed 1 | . 1 . Kicked . | . . . Crushed . | . . . Highest Temperature 117 | . 117 . Average Temperature 61 | . 61 . Received Heat Transfer 279 | . 201 78 Siege Activations . | . . . Robots Corrupted . | . . . Combat Hostiles . | . . . Parts Fried . | . . . Impact Corruptions . | . . . Robots Melted . | . . . Combat Hostiles . | . . . Parts Melted . | . . . Heat Transferred 850 | . 575 275 Parts Sabotaged . | . . . Parts Stolen . | . . . Parts Stripped . | . . . Power Chain Reactions . | . . . Alert | -11 -10 -9 ------- Run | Yrd Mat Mat Peak Influence 425 | . 161 425 Initial . | . . . Average 99 | . 63 189 Maximum Alert Level 2 | . . 2 Low Security (%) 85 | 100 100 55 Level 1 11 | . . 36 Level 2 2 | . . 8 Level 3 . | . . . Level 4 . | . . . Level 5 . | . . . High Security . | . . . Max Security . | . . . Squads Dispatched 3 | . . 3 Investigation 1 | . . 1 Extermination . | . . . Reinforcement 2 | . . 2 Assault . | . . . Garrison . | . . . Intercept . | . . . Searches Triggered . | . . . Construction Impeded 1 | . . 1 Haulers Reinforced . | . . . Active Scanning Responses . | . . . Cargo Convoy Interrupts . | . . . Stealth | -11 -10 -9 --------- Run | Yrd Mat Mat Distress Signals 1 | . . 1 Communications Jammed . | . . . Distress Signals . | . . . Times Spotted 25 | . 8 17 Peak Tracking Total 5 | . 3 5 Tactical Retreats 1 | . . 1 Traps | -11 -10 -9 ------- Run | Yrd Mat Mat Traps Triggered . | . . . Indirectly . | . . . Trap Hack Attempts . | . . . Triggered . | . . . Disarmed . | . . . Reprogrammed . | . . . Reused . | . . . Traps Extracted . | . . . Installed . | . . . Triggered . | . . . Machines | -11 -10 -9 ---------- Run | Yrd Mat Mat Machines Disabled . | . . . Max in Single Turn . | . . . Machines Repaired . | . . . Machines Dismantled . | . . . Machines Sabotaged . | . . . Overloaded Fab Kills . | . . . Hacking | -11 -10 -9 --------- Run | Yrd Mat Mat Machines Accessed 4 | . 2 2 Terminals 4 | . 2 2 Fabricators . | . . . Repair Stations . | . . . Recycling Units . | . . . Scanalyzers . | . . . Garrison Access . | . . . Total Hacks 12 | . 8 4 Successful 7 | . 6 1 Failed 5 | . 2 3 Catastrophic . | . . . Database Lockouts . | . . . Manual 4 | . . 4 Terminals 12 | . 8 4 Fabricators . | . . . Repair Stations . | . . . Recycling Units . | . . . Scanalyzers . | . . . Garrison Access . | . . . Terminal Hacks 7 | . 6 1 Prototype ID Bank 1 | . 1 . Branch Access Points 1 | . . 1 Alert Level 1 | . 1 . Locate Traps 1 | . 1 . Hauler Manifests 1 | . 1 . Registered Components 1 | . 1 . Registered Prototypes 1 | . 1 . Fabricator Hacks . | . . . Repair Station Hacks . | . . . Recycling Unit Hacks . | . . . Scanalyzer . | . . . Garrison Access Hacks . | . . . Unauthorized Hacks . | . . . Terminals . | . . . Fabricators . | . . . Repair Stations . | . . . Recycling Units . | . . . Scanalyzers . | . . . Garrison Access . | . . . Data Cores Recovered . | . . . Used . | . . . Hacking Detections 3 | . 1 2 Full Trace Events 1 | . . 1 Feedback Events . | . . . Feedback Blocked . | . . . Robot Schematics Acquired . | . . . Robots Built . | . . . Authchips . | . . . Time . | . . . Total Robot Build Rating . | . . . Part Schematics Acquired . | . . . Parts Built . | . . . Authchips . | . . . Time . | . . . Total Part Build Rating . | . . . Parts Repaired . | . . . Time . | . . . Parts Recycled . | . . . Recycled Matter . | . . . Retrieved Matter . | . . . Retrieved Components . | . . . Parts Scanalyzed . | . . . Part Schematics Acquired . | . . . Parts Damaged . | . . . Bothacking | -11 -10 -9 ------------ Run | Yrd Mat Mat Used RIF Installer . | . . . Robots Hacked . | . . . Non-combat . | . . . Combat . | . . . Robot Hacks Applied . | . . . Relay Couplers Released . | . . . Fabnet Peak Effective % . | . . . Robots Rewired . | . . . Allies Hacked . | . . . Hacks Repelled . | . . . Allies | -11 -10 -9 -------- Run | Yrd Mat Mat Total Allies . | . . . Largest Group . | . . . Highest-Rated Group . | . . . Highest-Rated Ally . | . . . Total Orders . | . . . Ally Attacks . | . . . Total Damage . | . . . Kills . | . . . Allies Corrupted . | . . . Allies Melted . | . . . Intel | -11 -10 -9 ------- Run | Yrd Mat Mat Robot Analysis Total . | . . . Derelict Logs Recovered . | . . . Drone Launches . | . . . Drone Recoveries . | . . . Exploration | -11 -10 -9 ------------- Run | Yrd Mat Mat Turns Passed 959 | 64 588 307 Spaces Moved 487 | 43 328 116 Core 21 | 21 . . Treads 212 | 22 190 . Legs 254 | . 138 116 Wheels . | . . . Hover . | . . . Flight . | . . . Fastest Speed 50 | 50 120 190 Average Speed 156 | 128 148 190 Slowest Speed 200 | 200 190 190 Overloaded Moves . | . . . Propulsion Burnouts . | . . . Robots Hopped . | . . . Cave-ins Triggered . | . . . Exploration Rate (%) 26 | 3 58 17 Regions Visited 2 Branch Regions . Pre-discovered Areas . | . . . Known Exits Taken . | . . . Unknown Exits Taken 2 | 1 1 . Scrap Searched . | . . . Spaces Dug . | . . . Terrain Destroyed 44 | . . 44 Melee . | . . . Projectile . | . . . AOE 44 | . . 44 Terrain Rammed . | . . . Walls Destroyed . | . . . Machines Disabled . | . . . Actions | -11 -10 -9 --------- Run | Yrd Mat Mat Total 603 | 49 386 168 Wait 18 | . 7 11 Move 485 | 42 327 116 Hop . | . . . Pick Up 19 | 1 12 6 Fast Attach 11 | 6 4 1 Attach 3 | . 2 1 Detach . | . . . Swap 9 | . 1 8 Drop 10 | . 7 3 Fire 47 | . 25 22 Melee . | . . . Ram . | . . . Kick . | . . . Crush 1 | . 1 . Escape Stasis . | . . . Rewire . | . . . Trap . | . . . Miscellaneous . | . . . Route ------- -11/Scrapyard -10/Materials (discovered 3 exits: *Mat x2 / [*Min]) -9/Materials (discovered 2 exits: Min x2) History --------- Turn | Location | Event 6 | -11/Scrapyard | Discovered new exit (range 14) 65 | -11/Scrapyard | Entered Materials 300 | -10/Materials | Build established: Mutant 311 | -10/Materials | Discovered new exit (range 5) 588 | -10/Materials | Discovered new exit (range 10) 642 | -10/Materials | Discovered new exit (range 16) 653 | -10/Materials | Entered another Materials area 653 | -9/Materials | Evolved 2 slots: Utility x2 811 | -9/Materials | Identified exit to Mines 876 | -9/Materials | Destroyed 8 combat bots 960 | -9/Materials | Self-destructed Last Messages --------------- 00930_ The unstable cave ceiling collapses. 00930_ U-05 Engineer destroyed. 00931_ ALERT: Construction progress impeded, dispatching reinforcements to local area. 00934_ Destroyed Ion Engine. 00934_ G-34 Mercenary destroyed. 00934_ U-05 Engineer destroyed. 00936_ U-05 Engineer lays Concrete. 00940_ The unstable cave ceiling collapses. 00940_ U-05 Engineer lays Concrete. 00949_ U-05 Engineer builds a Wall. 00951_ Acquired 16 matter. 00953_ U-05 Engineer builds a Wall. 00953_ U-05 Engineer lays Concrete. 00957_ R-06 Scavenger collects Wheel. 00957_ U-05 Engineer lays Concrete. 00957_ Dropped Aluminum Leg. 00958_ U-05 Engineer lays Concrete. 00960_ U-05 Engineer builds a Wall. 00960_ U-05 Engineer lays Concrete. Map ----- +----------------------------------------------------+ | | | | | | | | | | | | | | | ????????????????????????????????????????????????? | | ???????????????##########???????????????????????? | | ???????????????# #############??????????? | | ???????????????# ## #??????????? | | ???????????????# + #??????????? | | ???????????????# # #????????????? | | ???????????????# # #????????????? | | ???????????????# # ###########??? | | ???????????????# + # #??? | | ???????????????# # # #??? | | ???????????????########### #/ #??? | | ??????????????????#[ # # #??? | | ??????????????????# ![ + #??? | | ??????????????????# [[ # #??? | | ??????????????????# "T" # #??? | | ??????????????????# """ # #??? | | ??????????????????# ! ] ###+#####+#??? | | ????????????########### # ]]] # # #????????? | | ?????????? g @= u ]]] ## #####????? | | ????????????????# ! | #??? | | ????????????????# % r ##+####??? | | ????????????????# !=* u######## %#????????? | | ????????????????# ##### # # ## # #????????? | | ????????????????#????# #"" + #????????? | | ?????????????????????# #"T # #????????? | | ?????????????????????# """ """ #"" # +????????? | | ?????????????????????# """ """ # ## #????????? | | ?????????????????????# """ """ # ## #????????? | | ?????????????#???????# # #? #????????? | | ?????????????# ??????# "T" # #? #????????? | | ?????????????# ?????# """ # [ #? #????????? | | ?????????????# ????##+############?? ????????? | | ?????????????# ##### #????????????? ????????? | | ?????????????# # # #############? ?????????? | | ?????????????# ?????????? | | ?????????????# #####?????????????? | | ?????? !!#?????????????? | | ?????? !!#?????????????? | | ?????? =% #?????????????? | | ???????# # ###### #?????????????? | | ???????## ??# ###?# //#?????????????? | | ?????????????# /%! #???# //#?????????????? | | ?????????????# /! #???# #####?????????????? | +----------------------------------------------------+ Best States ------------- Heat Dissipation 52 Energy Generation 10 Energy Capacity 125 Matter Stores 300 Matter Capacity 300 Sight Range 16 Terrain Scan Density 10 Evasion (%) 55 Recoil Reduction 2 Item Schematics ----------------- None Robot Schematics ------------------ None Fabricated ------------ Nothing Alien Tech Used ----------------- None Achievements -------------- None Challenges ------------ None Game ------ Seed MiningFocalSaw Manual? 0 Play Time 00:06:46 Cumulative 58.5 hours Start 2025.04.29 @ 20:29:54 End 2025.04.29 @ 20:37:11 Sessions 1 Manual Loads 0 Difficulty Rogue Special Mode None Game No. 69 Rogue 68 Adventurer 1 Explorer 0 Win Type - Total 1 Types 1/0/0/0/0/0/0/0/0 Lore% 38 Gallery% 45 Achievement% 41 Wizard Run 0 Options --------- Layout 0 ASCII 0 Keyboard 0 Movement Numpad Keybinds 0 Fullscreen 1 Font 18/SmallcapsGlow Map View 76x50 Zoom Use 0% Tactical HUD 1 Map Filters NONE Filters NONE Steam 1 RUN: a2eea364-0dd6-48bc-97a9-cc5ed29aedf6